 Dungeon Crawl Stone Soup version 0.18-a0-1574-g3f9d221 (webtiles) character file.

84597 Eptagon the Executioner (level 15, -3/139 HPs)
             Began as a Minotaur Berserker on Mar 16, 2016.
             Was the Champion of Trog.
             Killed by divine providence
             ... invoked by an orc priest
              (14 damage)
             ... on level 2 of the Orcish Mines.
             The game lasted 00:42:59 (22202 turns).

Eptagon the Executioner (Minotaur Berserker)       Turns: 22202, Time: 00:43:00

Health: -3/139     AC: 13    Str: 22    XL:     15   Next: 35%
Magic:  14/14      EV: 21    Int:  4    God:    Trog [******]
Gold:   2302       SH:  0    Dex: 16    Spells: 0 memorised, 14 levels left

rFire  + . .     SeeInvis +     a - +9 executioner's axe (vamp)
rCold  + + .     Gourm    .     E - +4 scale mail {rC+}
rNeg   . . .     Faith    .     (shield currently unavailable)
rPois  .         Spirit   .     i - +1 hat
rElec  .         Dismiss  .     (no cloak)
rCorr  .         Reflect  .     J - +1 pair of gloves
SustAt .         Harm     .     (no boots)
MR     +++..                    l - amulet of regeneration
Stlth  ..........               I - ring of see invisible
                                C - ring of Ocecakhlo {rF+ rC+ MR++ EV+5}

@: corroded equipment, extremely resistant to hostile enchantments, extremely
unstealthy
A: retaliatory headbutt, horns 2
a: Berserk, Trog's Hand, Brothers in Arms, Burn Spellbooks, Renounce Religion


You were on level 2 of the Orcish Mines.
You worshipped Trog.
Trog was exalted by your worship.
You were not hungry.

You visited 3 branches of the dungeon, and saw 21 of its levels.
You also visited: Ossuary and Ice Cave.

You collected 2752 gold pieces.
You spent 450 gold pieces at shops.

Inventory:

Hand Weapons
 a - a +9 vampiric executioner's axe (weapon)
Armour
 i - a +1 hat (worn)
 E - a +4 scale mail of cold resistance (worn)
 J - a +1 pair of gloves (worn)
Jewellery
 l - an amulet of regeneration (around neck)
 r - an uncursed ring of poison resistance
 x - a +3 ring of protection
 C - the ring of Ocecakhlo (left hand) {rF+ rC+ MR++ EV+5}
   (You found it in an ice cave)

   [ring of evasion]

   It affects your evasion (+5).
   It protects you from fire.
   It protects you from cold.
   It affects your resistance to hostile enchantments.
 G - an uncursed ring of resist corrosion
 I - a ring of see invisible (right hand)
 N - an uncursed ring of flight
Wands
 w - a wand of iceblast (4/15)
 y - a wand of lightning (7/15)
 A - a wand of lightning (11/15)
 F - a wand of disintegration (14/24)
 L - a wand of lightning (9/15)
 Q - a wand of digging (9/24)
Scrolls
 d - 6 scrolls of teleportation
 g - a scroll of blinking
 m - 2 scrolls of holy word
 q - 6 scrolls of remove curse
 s - 7 scrolls of recharging
 t - 3 scrolls of enchant armour
 M - a scroll of fear
 O - 2 scrolls of fog
 P - a scroll of magic mapping
Potions
 e - 6 potions of flight
 f - 2 potions of cure mutation
 j - 2 potions of heal wounds
 k - 5 potions of agility
 o - 3 potions of might
 u - 2 potions of resistance
 B - 3 potions of haste
 H - 3 potions of curing
Books
 K - a book of Cantrips (quivered)

   Spells                             Type                      Level
   a - Corona                         Hexes                        1
   b - Animate Skeleton               Necromancy                   1
   c - Summon Small Mammal            Summoning                    1
   d - Apportation                    Translocation                1
   Trog disapproves of the use of such an item.
Comestibles
 c - 13 bread rations
 h - a royal jelly
 n - 10 meat rations
 p - 14 fruits
 v - 15 beef jerkies
 D - a slice of pizza


   Skills:
 + Level 14.3 Fighting
 * Level 21.7 Axes
 + Level 14.4 Armour
 + Level 9.9 Dodging


You had 14 spell levels left.
You didn't know any spells.

Dungeon Overview and Level Annotations

Branches:
Dungeon (11/15)            Temple (0/1) D:4            Lair (8/8) D:11
  Swamp (0/4) Lair:4        Snake (0/4) Lair:5        Slime (0/6) Lair:8
    Orc (2/2) D:10
    Elf: Orc:2

Altars:
Ashenzari
Dithmenos
Elyvilon
Okawaru
Qazlal
Ru
Sif Muna
Jiyva

Shops:
D:8 =   D:10 (   Orc:2 :

Portals:
Trove: D:10 (give 4 potions of cure mutation)


Innate Abilities, Weirdness & Mutations

You reflexively headbutt those who attack you in melee.
You have a pair of horns on your head.


Message History

You kill the orc wizard!
Trog accepts your kill.
Trog appreciates your killing of a magic user.
The orc high priest mumbles some strange prayers to Beogh.
The red devil hits you from afar with a trident.
* * * LOW HITPOINT WARNING * * *
You slice the orc priest!!
You kill the orc priest!
Trog accepts your kill.
You slash the orc high priest!
You feel better.
The orc high priest is heavily wounded.
You slash the ynoxinul!
The ynoxinul is moderately wounded.
The white imp disappears in a puff of smoke!
The orc high priest hits you but does no damage.
The red devil hits you from afar with a trident!
* * * LOW HITPOINT WARNING * * *
The orc priest mumbles some strange prayers to Beogh against you.
Beogh smites you!
You die...

..............).).)...
.............).)).....
.............)).†.)...
......................
...........)..........
......................
....................$.
######.).######......$
#.3oo@3.......##......
#..5.o))........##.....
#...4o4#####.....
#..... #..5ooo .....
#..... #...5o# #....
#...#. #....# #...
#..... #..#. .#. #.....
#..## #..... #.....


You could see 2 orc high priests, a neqoxec, a ynoxinul, 2 red devils, 4 orc
priests, 2 orc wizards, a quasit, a crimson imp and a shadow imp.

Vanquished Creatures
  An acid blob (Lair:8)
  Gastronok (Lair:3)
  Maud (Orc:1)
  3 ice dragons
  4 hydras
  A catoblepas (Lair:4)
  A centaur warrior (D:11)
  A queen ant (Lair:4)
  5 orc high priests
  28 death yaks
  Nergalle (Lair:1)
  3 orc knights (Orc:1)
  A hill giant (D:11)
  An orc sorcerer (Orc:2)
  An oklob plant (Lair:7)
  10 elephants
  A manticore (D:11)
  A cyclops (D:11)
  5 black mambas
  2 griffons
  A torpor snail (Lair:8)
  2 ice statues (IceCv)
  5 spiny frogs
  9 komodo dragons
  A rime drake (Lair:8)
  A spriggan druid (Lair:8)
  5 trolls
  2 two-headed ogres
  11 polar bears
  A boulder beetle (Lair:5)
  4 redbacks (Lair:8)
  7 blink frogs
  A centaur simulacrum (D:11)
  A wyvern (D:9)
  14 spriggans
  2 humans (Lair:7)
  32 yaks
  Sigmund (D:4)
  2 basilisks
  A hungry ghost (D:11)
  Menkaure (D:4)
  11 hippogriffs
  6 wargs
  Edmund (D:5)
  3 soldier ants (Lair:4)
  3 nagas (Lair:5)
  9 water moccasins
  17 porcupines
  29 orc warriors
  21 ice beasts
  3 wasps (Lair:8)
  5 sky beasts
  10 black bears
  3 necrophages
  12 ogres
  A phantom (D:8)
  27 wolves
  13 crocodiles
  4 elf zombies (Ossuary)
  21 giant frogs
  A wyvern zombie (D:7)
  A wyvern skeleton (D:10)
  3 scorpions
  A water moccasin skeleton (D:11)
  A jelly (D:11)
  10 killer bees
  10 wights (D:11)
  2 howler monkeys
  5 electric eels
  4 crimson imps
  7 centaur zombies
  3 quasits
  A wyvern simulacrum (D:11)
  2 human zombies (Ossuary)
  17 orc priests
  7 hounds
  22 orc wizards
  3 giant frog skeletons
  7 iguanas
  30 worker ants
  11 sheep
  A hound zombie (D:6)
  A hound skeleton (D:7)
  3 mummies (Ossuary)
  A worker ant zombie (D:11)
  10 gnolls
  75 river rats
  11 adders
  A howler monkey skeleton (D:6)
  3 shadow imps
  15 white imps
  An ufetubus (D:11)
  2 oozes
  An adder zombie (D:9)
  2 adder skeletons
  A worm (D:3)
  A dart slug (D:1)
  5 giant geckos
  50 orcs
  4 giant cockroaches
  8 goblins
  4 hobgoblins
  13 jackals
  4 kobolds
  4 quokkas
  6 bats
  A giant gecko skeleton (D:5)
  A giant gecko zombie (D:5)
  2 giant newts
  A jackal skeleton (D:7)
  7 rats
  6 fungi
  8 plants
776 creatures vanquished.

Vanquished Creatures (collateral kills)
  2 hydras (Lair:5)
  A basilisk (Lair:5)
  A porcupine (Lair:5)
4 creatures vanquished.

Vanquished Creatures (others)
  4 fungi
  A plant (Lair:6)
5 creatures vanquished.

Grand Total: 785 creatures vanquished

Notes
Turn   | Place    | Note
--------------------------------------------------------------
     0 | D:1      | Eptagon the Minotaur Berserker began the quest for the Orb.
     0 | D:1      | Reached XP level 1. HP: 19/19 MP: 0/0
   139 | D:1      | Reached skill level 4 in Axes
   233 | D:1      | Reached XP level 2. HP: 26/26 MP: 1/1
   865 | D:2      | Reached skill level 5 in Axes
   938 | D:2      | Reached XP level 3. HP: 21/31 MP: 2/2
  1209 | D:2      | Reached ** piety under Trog
  1464 | D:3      | Noticed a giant frog
  1469 | D:3      | Killed a giant frog
  1469 | D:3      | Reached skill level 6 in Axes
  1469 | D:3      | Reached XP level 4. HP: 35/39 MP: 3/3
  1555 | D:3      | Reached skill level 7 in Axes
  1555 | D:3      | Reached XP level 5. HP: 45/45 MP: 4/4
  1616 | D:3      | Found a sacrificial altar of Ru.
  2204 | D:4      | Reached skill level 8 in Axes
  2221 | D:4      | Found a staircase to the Ecumenical Temple.
  2388 | D:4      | Found a stormy altar of Qazlal.
  2412 | D:4      | Reached XP level 6. HP: 39/51 MP: 5/5
  2424 | D:4      | Noticed Sigmund
  2432 | D:4      | Killed Sigmund
  2432 | D:4      | Reached skill level 9 in Axes
  2501 | D:4      | Found a sand-covered staircase.
  2508 | Ossuary  | Entered an ossuary
  2536 | Ossuary  | Reached XP level 7. HP: 49/57 MP: 6/6
  2643 | Ossuary  | Reached skill level 10 in Axes
  2861 | Ossuary  | Reached skill level 11 in Axes
  3070 | D:4      | Reached XP level 8. HP: 42/64 MP: 7/7
  3229 | D:4      | Noticed Menkaure
  3237 | D:4      | Killed Menkaure
  3237 | D:4      | Reached skill level 12 in Axes
  3792 | D:5      | Entered Level 5 of the Dungeon
  4399 | D:5      | Found an iron altar of Okawaru.
  4452 | D:5      | Noticed Edmund
  4470 | D:5      | Killed Edmund
  4505 | D:5      | Reached *** piety under Trog
  4820 | D:5      | Reached skill level 13 in Axes
  4839 | D:5      | Reached skill level 5 in Fighting
  5051 | D:6      | Reached XP level 9. HP: 71/74 MP: 8/8
  5064 | D:6      | Reached skill level 5 in Armour
  5707 | D:6      | Found a shattered altar of Ashenzari.
  6084 | D:7      | Reached skill level 14 in Axes
  6141 | D:7      | Found a deep blue altar of Sif Muna.
  6802 | D:8      | Found a shattered altar of Ashenzari.
  7241 | D:8      | Found Qyrynox's Jewellery Boutique.
  7427 | D:8      | Found a shadowy altar of Dithmenos.
  7567 | D:9      | Reached XP level 10. HP: 86/86 MP: 9/9
  7927 | D:9      | Found a white marble altar of Elyvilon.
  8222 | D:9      | Reached **** piety under Trog
  8576 | D:10     | Entered Level 10 of the Dungeon
  8686 | D:10     | Found a staircase to the Orcish Mines.
  8795 | D:10     | Found a portal to a secret trove of treasure.
  8933 | D:10     | Reached skill level 15 in Axes
  8979 | D:10     | Found Dies Jaduash's Weapon Boutique.
  9492 | D:11     | Found a staircase to the Lair.
  9653 | D:11     | Found a frozen archway.
  9722 | IceCv    | Entered an ice cave
 10121 | IceCv    | Reached XP level 11. HP: 58/97 MP: 10/10
 10281 | IceCv    | Reached skill level 16 in Axes
 10706 | IceCv    | Noticed an ice dragon
 10716 | IceCv    | Noticed an ice dragon
 10717 | IceCv    | Killed an ice dragon
 10724 | IceCv    | Killed an ice dragon
 10877 | IceCv    | Got a brightly glowing wooden ring
 11146 | D:11     | Identified the ring of Ocecakhlo {rF+ rC+ MR++ EV+5} (You found it in an ice cave)
 11211 | D:11     | Noticed a centaur warrior
 11229 | D:11     | Killed a centaur warrior
 11677 | D:11     | Reached skill level 10 in Fighting
 11806 | D:8      | Bought an uncursed amulet of regeneration for 450 gold pieces
 11842 | D:11     | Noticed a hill giant
 11848 | D:11     | Killed a hill giant
 12142 | D:11     | Reached skill level 17 in Axes
 12366 | D:11     | Reached skill level 10 in Armour
 13153 | Lair:1   | Entered Level 1 of the Lair of Beasts
 13207 | Lair:1   | Noticed Nergalle
 13208 | Lair:1   | Noticed a spectral orc warlord
 13221 | Lair:1   | Killed Nergalle
 13429 | Lair:1   | Reached ***** piety under Trog
 13686 | Lair:1   | Reached XP level 12. HP: 84/108 MP: 11/11
 14033 | Lair:1   | Received a gift from Trog
 14943 | Lair:3   | Noticed Gastronok
 14953 | Lair:3   | Killed Gastronok
 14953 | Lair:3   | Reached skill level 18 in Axes
 15459 | Lair:3   | Noticed a five-headed hydra
 15466 | Lair:3   | Killed a seven-headed hydra
 15807 | Lair:4   | Found a staircase to the Swamp.
 16196 | Lair:4   | Noticed a queen ant
 16202 | Lair:4   | Killed a queen ant
 16750 | Lair:4   | Noticed a catoblepas
 16759 | Lair:4   | Killed a catoblepas
 16946 | Lair:5   | Reached skill level 5 in Dodging
 17002 | Lair:5   | Noticed a five-headed hydra
 17008 | Lair:5   | Killed a seven-headed hydra
 17008 | Lair:5   | Reached XP level 13. HP: 106/117 MP: 12/12
 17062 | Lair:5   | Reached skill level 19 in Axes
 17098 | Lair:5   | Found a staircase to the Snake Pit.
 17113 | Lair:5   | Received a gift from Trog
 18934 | Lair:7   | Received a gift from Trog
 18935 | Lair:7   | Reached skill level 20 in Axes
 18966 | Lair:7   | Reached XP level 14. HP: 101/127 MP: 13/13
 19900 | Lair:8   | Entered Level 8 of the Lair of Beasts
 19930 | Lair:8   | Found a viscous altar of Jiyva.
 19930 | Lair:8   | Found a staircase to the Slime Pits.
 19930 | Lair:8   | Noticed an acid blob
 19934 | Lair:8   | Killed an acid blob
 20224 | Lair:8   | Reached skill level 21 in Axes
 20440 | Lair:8   | Reached ****** piety under Trog
 20618 | Lair:8   | Received a gift from Trog
 20649 | Lair:8   | Reached XP level 15. HP: 138/138 MP: 14/14
 21369 | Orc:1    | Entered Level 1 of the Orcish Mines
 21493 | Orc:1    | Received a gift from Trog
 21494 | Orc:1    | Got a slimy executioner's axe {god gift}
 21495 | Orc:1    | Identified the +7 executioner's axe "Ycruit" {flame, +Fly} (Trog gifted it to you on level 1 of the Orcish Mines)
 21544 | Orc:1    | Noticed Maud
 21557 | Orc:1    | Killed Maud
 21750 | Orc:1    | Received a gift from Trog
 21952 | Orc:2    | Entered Level 2 of the Orcish Mines
 21968 | Orc:2    | Found an iron altar of Okawaru.
 22110 | Orc:2    | Found Kaowam's Book Shoppe.
 22202 | Orc:2    | Killed from afar by an orc priest

Vault maps used:
D:1:      dpeg_arrival_leaves_temple_mockup
D:2:      wad_pebble_path
D:3:      nicolae_ru_awakened_eye
D:4:      nicolae_qazlal_general_emergency, temple_statues, first_bread,
          nicolae_ossuary_entry_false_entrances, uniq_sigmund, uniq_menkaure
D:5:      basic_altar, grunt_ministairs_11, uniq_edmund
D:6:      cheibrodos_ashenzari_chains
D:7:      kennysheep_spiral_hall, lemuel_doored_altar
D:8:      old_standard_altar, serial_shops, shop, the_bakery,
          grunt_dithmenos_shadows
D:9:      kennysheep_mini_moat
D:10:     orc_0_dummy, trove_entry_hex_spiral, serial_shops, shop_fountains
D:11:     erik_lair_island, serial_ice, serial_ice_g, serial_ice_n,
          serial_ice_k, serial_ice_o, portal_ice_cave_entry_imps
Lair:1:   pond, uniq_nergalle
Lair:3:   serial_bayou_shore_b, uniq_gastronok
Lair:4:   swamp_mist, minmay_another_anthill, infiniplex_staircase_pool
Lair:5:   minmay_snake_entry_guardpost_small, grunt_forest_stairs_clearing,
          serial_bayou_shore_b
Lair:6:   grunt_megastairs_2
Lair:7:   slaughterhouse
Lair:8:   minmay_lair_end_enchanted_forest, dpeg_slime_entry_enclosed_altar,
          bobbens_ice_dragon_lair, serial_bayou_shore_a, serial_bayou_shore_b
Orc:1:    guppyfry_orc_lava_fort, uniq_maud
Orc:2:    st_orc_mages, serial_shops, nicolae_shop_statue_plus,
          okawaru_metal_pillars_3, uniq_saint_roka
Ossuary:  ossuary_minmay_four_chambers
IceCv:    ice_cave_small_dragons

Skill      XL: |  1  2  3  4  5  6  7  8  9 10 11 12 13 14 |
---------------+-------------------------------------------+-----
Axes           | 4 5 6 7 8 9 11 13 14 15 17 18 20 21 | 21.7
Fighting       | 5 7 9 10 11 12 14 | 14.3
Armour         | 4 6 8 10 11 13 14 | 14.4
Dodging        | 5 7 9 |  9.9

Action                   |  1- 3 |  4- 6 |  7- 9 | 10-12 | 13-15 || total
-------------------------+-------+-------+-------+-------+-------++-------
Melee: Hand axe          |    74 |    61 |   142 |       |       ||   277
       War axe           |       |       |    82 |       |       ||    82
       Battleaxe         |       |       |   116 |   674 |    38 ||   828
       Executioner's axe |       |       |       |       |   600 ||   600
Invok: Berserk           |     3 |     2 |     4 |     6 |     5 ||    20
       Trog's Hand       |       |       |     1 |     6 |     1 ||     8
       Brothers in Arms  |       |       |       |     2 |     2 ||     4
 Abil: Evoke Flight      |       |       |       |       |     2 ||     2
       Stop Flying       |       |       |       |       |     1 ||     1
Evoke: Wand              |       |       |       |     1 |       ||     1
  Use: Scroll            |       |     6 |     6 |    16 |    13 ||    41
       Potion            |       |       |     6 |     5 |       ||    11
 Stab: Sleeping          |     1 |       |       |       |       ||     1
       Distracted        |       |       |       |     1 |     1 ||     2
  Eat: Chunk             |     4 |     4 |    19 |    30 |    24 ||    81
       Royal jelly       |       |     1 |       |       |       ||     1
       Fruit             |       |       |     1 |       |       ||     1
       Pizza             |       |       |       |     2 |       ||     2
       Meat ration       |       |       |       |     2 |       ||     2
       Beef jerky        |       |       |       |     1 |       ||     1
